 Dungeon Crawl Stone Soup version 0.20.0-1-g1cb1d84 (webtiles) character file.

10393 skittles the Destroyer (level 11, 0/88 (89) HPs)
             Began as a Grey Draconian Fire Elementalist on May 26, 2017.
             Was a Believer of Vehumet.
             Slain by a yak (3 damage)
             ... on level 10 of the Dungeon.
             The game lasted 00:44:28 (12422 turns).

skittles the Destroyer (DrFE)                      Turns: 12422, Time: 00:44:29

HP:   0/88 (89)     AC: 16    Str: 11    XL:     11   Next: 35%
MP:   19/24         EV:  2    Int: 22    God:    Vehumet [**....]
Gold: 547           SH:  0    Dex: 11    Spells: 18/28 levels left

rFire    + . .     SeeInvis +   y - +0 hand axe (flame)
rCold    . . .     Gourm    .   (no shield)
rNeg     + + +     Faith    .   (armour unavailable)
rPois    ∞         Spirit   .   I - +3 crown of Dyrovepreva {rElec Int+2 SInv}
rElec    +         Reflect  .   q - scarf {repulsion}
rCorr    .         Harm     .   n - +0 pair of gloves
MR       +....     Rnd*Tele +   (no boots)
Stlth    ++........             (no amulet)
Regen    0.3/turn               G - +3 ring of strength
MPRegen  0.2/turn               E - ring of protection from fire

@: petrified, repel missiles
A: walk through water, unfitting armour, magic resistance 1, teleportitis 1,
weak 1, unbreathing, cold-blooded, AC +12
a: Renounce Religion


You were on level 10 of the Dungeon.
You worshipped Vehumet.
Vehumet was pleased with you.
You were not hungry.

You visited 2 branches of the dungeon, and saw 12 of its levels.

You collected 547 gold pieces.

Inventory:

Hand Weapons
 y - a +0 hand axe of flaming (weapon)
 Q - a +0 glaive
Armour
 n - a +0 pair of gloves (worn)
 q - a scarf of repulsion (worn)
 F - a +0 shield
 I - the +3 crown of Dyrovepreva (worn) {rElec Int+2 SInv}
   (You found it on level 9 of the Dungeon)

   It affects your intelligence (+2).
   It insulates you from electricity.
   It lets you see invisible.
Jewellery
 E - a ring of protection from fire (right hand)
 G - a +3 ring of strength (left hand)
 K - an uncursed ring of ice
Wands
 r - a wand of disintegration (13/24)
 t - a wand of polymorph (15/24)
 x - a wand of acid (11/15)
 J - a wand of flame (15/48)
 N - a wand of paralysis (5/24)
Scrolls
 c - 4 scrolls of teleportation
 e - a scroll of fog
 h - 5 scrolls of blinking
 l - 2 scrolls of magic mapping
 m - a scroll of immolation
 w - 2 scrolls of enchant armour
 C - a scroll of vulnerability
 L - 2 scrolls of amnesia
 M - a scroll of recharging {unknown}
 S - 2 scrolls of remove curse
 T - a scroll of summoning {unknown}
Potions
 d - 6 potions of curing
 f - 3 potions of agility
 o - a potion of berserk rage
 p - a potion of brilliance
 u - a potion of ambrosia
 v - 2 potions of haste
 z - a potion of might
 A - a potion of heal wounds
 B - a potion of resistance
 H - a potion of lignification
Books
 a - a book of Flames

   Spells                             Type                      Level
   a - Flame Tongue                   Conjuration/Fire             1
   b - Throw Flame                    Conjuration/Fire             2
   c - Conjure Flame                  Conjuration/Fire             3
   d - Inner Flame                    Hexes/Fire                   3
   e - Sticky Flame                   Conjuration/Fire             4
   f - Fireball                       Conjuration/Fire             5
 s - a book of Conjurations

   Spells                             Type                      Level
   a - Magic Dart                     Conjuration                  1
   b - Searing Ray                    Conjuration                  2
   c - Dazzling Spray                 Conjuration/Hexes            3
   d - Fulminant Prism                Conjuration/Hexes            4
   e - Force Lance                    Conjuration/Translocation    4
   f - Iskenderun's Mystic Blast      Conjuration                  4
 D - a book of Cantrips

   Spells                             Type                      Level
   a - Confusing Touch                Hexes                        1
   b - Animate Skeleton               Necromancy                   1
   c - Summon Small Mammal            Summoning                    1
   d - Apportation                    Translocation                1
 R - a book of Misfortune

   Spells                             Type                      Level
   a - Confusing Touch                Hexes                        1
   b - Confuse                        Hexes                        3
   c - Gell's Gravitas                Translocation                3
   d - Petrify                        Transmutation/Earth          4
   e - Metabolic Englaciation         Hexes/Ice                    5
   f - Yara's Violent Unravelling     Hexes/Transmutation          5
 U - a book of Clouds

   Spells                             Type                      Level
   a - Poisonous Vapours              Poison/Air                   2
   b - Mephitic Cloud                 Conjuration/Poison/Air       3
   c - Conjure Flame                  Conjuration/Fire             3
   d - Freezing Cloud                 Conjuration/Ice/Air          6
   e - Ring of Flames                 Charms/Fire                  7
Miscellaneous
 O - a fan of gales
Comestibles
 b - 7 bread rations
 g - 3 fruits
 i - 4 meat rations
 k - 3 royal jellies


   Skills:
 + Level 5.9 Fighting
 + Level 5.3 Dodging
 - Level 1.7 Stealth
 + Level 9.1 Spellcasting
 + Level 11.1 Conjurations
 - Level 6.6 Fire Magic
 + Level 3.9 Earth Magic


You had 18 spell levels left.
You knew the following spells:

 Your Spells              Type           Power        Failure   Level  Hunger
a - Flame Tongue          Conj/Fire      #####        1%          1    None
b - Conjure Flame         Conj/Fire      #####...     1%          3    None
c - Sticky Flame          Conj/Fire      #####...     1%          4    ##.....
d - Sandblast             Erth           ####..       1%          1    None
e - Magic Dart            Conj           ####         1%          1    None


Dungeon Overview and Level Annotations

Branches:
Dungeon (11/15)            Temple (1/1) D:6            Lair (0/6) D:8
    Orc: D:9-12

Altars:
Ashenzari
Cheibriados
Dithmenos
Elyvilon
Fedhas
Gozag
Hepliaklqana
Kikubaaqudgha
Makhleb
Nemelex Xobeh
Okawaru
Qazlal
Ru
Sif Muna
Trog
Uskayaw
Vehumet
Xom
Yredelemnul
Zin
The Shining One

Shops:
D:6 %   D:10 *


Innate Abilities, Weirdness & Mutations

You can walk through water.
Your dull iron-grey scales are very hard. (AC +12)
You cannot fit into any form of body armour.
You can survive without breathing.
You are cold-blooded and may be slowed by cold attacks.
You are resistant to hostile enchantments. (MR+)
You are occasionally teleported next to monsters.
You are weak. (Str -2)


Message History

The yak barely misses you.
Your limbs are stiffening.
The yak gores you.
* * * LOW HITPOINT WARNING * * *
The yak gores you!
* * * LOW HITPOINT WARNING * * *
The yak gores you.
You have turned to stone.
The yak gores you but does no damage. The yak gores you.
* * * LOW HITPOINT WARNING * * *
The yak gores you.
* * * LOW HITPOINT WARNING * * *
The yak gores you!
* * * LOW HITPOINT WARNING * * *
The yak gores you.
* * * LOW HITPOINT WARNING * * *
The yak gores you!
* * * LOW HITPOINT WARNING * * *
The yak gores you.
* * * LOW HITPOINT WARNING * * *
The yak gores you!
You die...

#......^....#
#....######.# ###....#
####.# #.'....###....#
#.#....#...#######
#.#....#...#.....#
#.#.##.#...#.....######
#.#).#YY.[.'....[......
#.#<.Y@#...#.....####..
#.#).[.#...#.....# #..
#.'....#...#.....# #..
###....#.........# #..
#....#.........# #..
#######....##........#
#..
#...........##########
#.( #...........# #..
#....)......# #..


You could see 3 yaks.

Vanquished Creatures
  The ghost of buskinjo the Carver, a novice MiFi of Lugonu (D:10)
  2 two-headed ogres (D:9)
  An unseen horror (D:10)
  A centaur zombie (D:10)
  Psyche (D:10)
  2 hornets
  A hippogriff (D:10)
  A spriggan (D:7)
  A wyvern (D:10)
  3 yaks (D:11)
  2 hungry ghosts
  Eustachio (D:4)
  4 sky beasts
  5 orc warriors
  2 necrophages
  4 ice beasts
  A black bear (D:6)
  2 phantoms (D:10)
  5 ogres
  4 centaurs
  Blork the orc (D:5)
  3 big kobolds
  A crocodile (D:10)
  7 bullfrogs
  2 elf skeletons (D:5)
  2 scorpions
  A water moccasin skeleton (D:8)
  6 wights
  12 killer bees
  An electric eel (D:9)
  3 howler monkeys (D:10)
  A bullfrog zombie (D:8)
  6 crimson imps
  A quasit (D:7)
  2 centaur skeletons (D:5)
  6 hounds
  4 jellies
  3 iguanas
  Ijyb (D:5)
  3 worker ants
  4 orc wizards
  A hound zombie (D:7)
  A hound skeleton (D:9)
  A worker ant zombie (D:8)
  25 adders
  A howler monkey skeleton (D:8)
  A shadow imp (D:8)
  An ooze (D:2)
  2 adder skeletons
  5 worms
  2 dart slugs (D:2)
  4 leopard geckos
  17 orcs
  7 giant cockroaches
  9 goblins
  6 hobgoblins
  6 jackals
  5 quokkas
  2 ball pythons
  3 bats (D:1)
  7 frilled lizards
  A jackal zombie (D:6)
  25 kobolds
  3 orc skeletons (D:5)
  An orc zombie (D:5)
  A quokka skeleton (D:5)
  A quokka zombie (D:9)
  8 rats
260 creatures vanquished.

Vanquished Creatures (others)
  An adder (D:9)
1 creature vanquished.

Grand Total: 261 creatures vanquished

Notes
Turn   | Place    | Note
-------+----------+-------------------------------------------
     0 | D:1      | skittles the Draconian Fire Elementalist began the quest for the Orb.
     0 | D:1      | Reached XP level 1. HP: 14/14 MP: 3/3
   170 | D:1      | Reached XP level 2. HP: 20/20 MP: 0/5
   814 | D:1      | Reached skill level 2 in Conjurations
   899 | D:2      | Reached XP level 3. HP: 7/26 MP: 2/6
  1317 | D:2      | Found a deep blue altar of Sif Muna.
  1852 | D:2      | Reached XP level 4. HP: 33/33 MP: 4/7
  2048 | D:2      | Reached skill level 3 in Conjurations
  2653 | D:3      | Found a sacrificial altar of Ru.
  2655 | D:3      | Reached XP level 5. HP: 38/38 MP: 5/8
  2929 | D:3      | Learned a level 3 spell: Conjure Flame
  3183 | D:3      | You fall through a shaft for 2 floors!
  3183 | D:5      | Entered Level 5 of the Dungeon
  3235 | D:5      | Found a snail-covered altar of Cheibriados.
  3236 | D:5      | Found an opulent altar of Gozag.
  3299 | D:5      | Noticed a necrophage
  3345 | D:5      | Found a glowing golden altar of the Shining One.
  3351 | D:5      | Noticed Blork the orc
  3363 | D:5      | Killed a necrophage
  3363 | D:5      | Reached skill level 4 in Conjurations
  3363 | D:5      | Reached skill level 5 in Fire Magic
  3363 | D:5      | Reached XP level 6. HP: 40/44 MP: 0/9
  3396 | D:5      | Noticed Ijyb
  3428 | D:5      | Found a bloodstained altar of Trog.
  3451 | D:5      | Noticed an ice beast
  3458 | D:5      | Killed an ice beast
  3564 | D:5      | Found a shattered altar of Ashenzari.
  3688 | D:4      | Reached skill level 5 in Conjurations
  3783 | D:4      | Found a blossoming altar of Fedhas.
  3786 | D:4      | Noticed Eustachio
  4094 | D:3      | Learned a level 1 spell: Magic Dart
  4099 | D:3      | Learned a level 4 spell: Sticky Flame
  4141 | D:4      | Your scales start taking on a dull iron-grey colour.
  4141 | D:4      | Reached XP level 7. HP: 49/49 MP: 3/10
  4141 | D:4      | Gained mutation: You can survive without breathing. [Grey Draconian growth]
  4165 | D:4      | Found a blossoming altar of Fedhas.
  4227 | D:4      | Killed Eustachio
  4868 | D:5      | Reached skill level 6 in Conjurations
  5027 | D:5      | Killed Ijyb
  5053 | D:5      | Killed Blork the orc
  5134 | D:5      | Reached XP level 8. HP: 38/56 MP: 12/12
  5243 | D:6      | Found Tydiv's Food Shop.
  5390 | D:6      | Reached skill level 7 in Conjurations
  5494 | D:6      | Found a staircase to the Ecumenical Temple.
  5772 | D:6      | Found a hide-covered altar of Uskayaw.
  6150 | D:6      | Reached skill level 5 in Spellcasting
  6193 | D:6      | Reached skill level 8 in Conjurations
  6655 | D:7      | Found a burning altar of Makhleb.
  6682 | D:7      | Reached XP level 9. HP: 31/61 MP: 8/17
  6968 | D:7      | Found a shimmering altar of Xom.
  6968 | D:7      | Found an iron altar of Okawaru.
  7175 | Temple   | Entered the Ecumenical Temple
  7283 | Temple   | Became a worshipper of Vehumet
  7426 | D:7      | Found a hazy altar of Hepliaklqana.
  7493 | D:7      | Reached skill level 9 in Conjurations
  8182 | D:8      | Found a burning altar of Makhleb.
  8227 | D:8      | Found a staircase to the Lair.
  8464 | D:9      | Noticed a two-headed ogre
  8479 | D:9      | Killed a two-headed ogre
  8479 | D:9      | Reached XP level 10. HP: 58/72 MP: 12/21
  8656 | D:9      | Noticed a two-headed ogre
  8656 | D:9      | Reached * piety under Vehumet
  8656 | D:9      | Offered knowledge of Sting by Vehumet.
  8719 | D:9      | Killed a two-headed ogre
  8719 | D:9      | Reached skill level 10 in Conjurations
 10030 | D:10     | Entered Level 10 of the Dungeon
 10466 | D:10     | Found Qatat's Assorted Antiques.
 10498 | D:10     | Offered knowledge of Sandblast by Vehumet.
 10507 | D:10     | Reached ** piety under Vehumet
 10632 | D:10     | Learned a level 1 spell: Sandblast
 10791 | D:10     | Reached skill level 1 in Earth Magic
 10885 | D:9      | Reached skill level 5 in Fighting
 11159 | D:10     | Noticed buskinjo's ghost (novice MiFi)
 11187 | D:10     | Killed buskinjo's ghost
 11187 | D:10     | Reached XP level 11. HP: 26/87 MP: 4/23
 11630 | D:10     | Noticed an unseen horror
 11639 | D:10     | Killed an unseen horror
 11639 | D:10     | Reached skill level 5 in Dodging
 11788 | D:10     | Reached skill level 11 in Conjurations
 12037 | D:10     | Gained mutation: You are weak. (Str -2) [potion of mutation]
 12037 | D:10     | Gained mutation: You are occasionally teleported next to monsters. [potion of mutation]
 12037 | D:10     | Gained mutation: You are resistant to hostile enchantments. (MR+) [potion of mutation]
 12103 | D:11     | Noticed Psyche
 12418 | D:10     | Killed Psyche
 12422 | D:10     | HP: 3/88 [yak (3)]
 12422 | D:10     | Slain by a yak

Skill      XL: |  1  2  3  4  5  6  7  8  9 10 11 |
---------------+----------------------------------+-----
Conjurations   | 2 3 4 5 6 8 9 10 11 | 11.1
Fire Magic     | 4 5 6 |  6.6
Spellcasting   | 3 5 7 8 9 |  9.1
Fighting       | 2 5 |  5.9
Dodging        | 2 4 5 |  5.3
Earth Magic    | 2 3 |  3.9
Stealth        | |  1.7

Action                   |  1- 3 |  4- 6 |  7- 9 | 10-12 || total
-------------------------+-------+-------+-------+-------++-------
Melee: Dagger            |    71 |    91 |       |       ||   162
       Unarmed           |    19 |       |       |       ||    19
       Tailslap          |     7 |    10 |    34 |    17 ||    68
       Quarterstaff      |     8 |       |       |       ||     8
       Trident           |       |    75 |   177 |       ||   252
       Hand axe          |       |       |   236 |   123 ||   359
       Halberd           |       |       |       |     2 ||     2
 Cast: Flame Tongue      |    36 |    85 |   119 |   226 ||   466
       Magic Dart        |       |       |    17 |    19 ||    36
       Sticky Flame      |       |       |    19 |    34 ||    53
       Conjure Flame     |       |       |     1 |     6 ||     7
  Use: Scroll            |     2 |     1 |    14 |     6 ||    23
       Potion            |       |       |       |     1 ||     1
 Stab: Sleeping          |     5 |     4 |     5 |     2 ||    16
  Eat: Chunk             |     2 |     9 |    16 |    15 ||    42
       Fruit             |       |     1 |     5 |       ||     6
       Bread ration      |       |       |       |     1 ||     1
Armor: Skin              |    33 |    75 |   304 |   197 ||   609
Dodge: Dodged            |    74 |   127 |   338 |   292 ||   831
       Deflected         |       |       |    16 |     9 ||    25
